AoeStats
← HrH The Sausage Meister General

Black Forest

509698261Analyzed
4v4 RM · 4d ago on Sep 27, 2026· 50m 49s· 8 players
Game mode
Random Map
Map size
Large (8 player)
Population
200
Speed
Normal
Resources
Standard
Victory
Conquest
Starting age
Dark Age
Ending age
Imperial Age
RankedLock teamsTeams togetherTeam positionsShared explorationLock speedFull tech treeHidden civsTurbo modeCheats
Victory
Defeat
🇦🇷 Saracens · Argentina
1225
+12
🇦🇷 Vikings · Argentina
1090
+18
🇳🇴 Ethiopians · Norway
1085
+40
🇦🇷 Persians · Argentina
1043
+18
🇬🇧 Danes · United Kingdom
1134
-17
🇬🇧 Persians · United Kingdom
1130
-17
🇬🇧 Saxons · United Kingdom
1118
-16
🇬🇧 Celts · United Kingdom
1118
-16
Vagabond
6:14 Loom
13:30 Feudal Age
16:20 Wheelbarrow
18:21 Castle Age
16:48 Double-Bit Axe
26:46 Wheelbarrow
29:35 Hand Cart
29:45 Bow Saw
29:52 Gold Mining
35:16 Imperial Age
34:00 Gold Shaft Mining
34:26 Scale Barding Armor
34:33 Forging
36:11 Chain Barding Armor
36:35 Bloodlines
36:26 Husbandry
37:19 Conscription
38:48 Plate Barding Armor
39:46 Iron Casting
39:54 Elite Mameluke
43:42 Counterweights
47:59 Stone Mining
49:39 Town Watch
xalt0s
12:14 Feudal Age
15:57 Double-Bit Axe
18:49 Castle Age
17:16 Horse Collar
18:06 Stone Mining
19:55 Bow Saw
22:34 Wheelbarrow
22:07 Heavy Plow
25:44 Hand Cart
30:09 Imperial Age
28:02 Padded Archer Armor
28:17 Fletching
28:46 Gold Mining
29:41 Caravan
29:53 Thumb Ring
29:47 Loom
30:16 Bodkin Arrow
30:12 Crossbowman
31:28 Bracer
32:44 Chemistry
32:14 Padded Archer Armor
31:44 Arbalester
33:34 Leather Archer Armor
34:27 Ballistics
34:15 Siege Engineers
34:55 Conscription
35:33 Ring Archer Armor
35:49 Torsion Engines
39:48 Halberdier
40:29 Squires
42:08 Scale Mail Armor
42:19 Forging
44:59 Chain Mail Armor
45:19 Iron Casting
48:52 Plate Mail Armor
49:23 Blast Furnace
Lilygold
11:40 Feudal Age
13:16 Double-Bit Axe
17:49 Castle Age
16:27 Horse Collar
17:07 Stone Mining
19:07 Bow Saw
20:31 Caravan
21:19 Medium Warships
23:39 Gold Mining
23:34 Fishing Lines
24:05 Medium Warships
26:09 Gillnets
29:46 Imperial Age
28:55 Heavy Plow
29:09 Forging
28:59 Scale Mail Armor
30:22 Chieftains
30:59 Iron Casting
30:07 Elite Varangian Guard
30:49 Squires
30:38 Arson
31:47 Capped Ram
33:44 Blast Furnace
33:01 Chain Mail Armor
34:03 Conscription
33:04 Elite Berserk
33:51 Siege Ram
37:08 Plate Mail Armor
42:57 Pikeman
43:11 Onager
44:57 Light Cavalry
45:27 Onager
47:14 Chemistry
46:21 Siege Engineers
Alessa
5:43 Loom
12:38 Feudal Age
16:37 Castle Age
15:13 Double-Bit Axe
15:14 Horse Collar
26:04 Scale Barding Armor
29:31 Wheelbarrow
32:51 Bow Saw
33:44 Gold Mining
33:45 Stone Mining
34:07 Kamandaran
34:09 Husbandry
35:45 Bloodlines
36:06 Padded Archer Armor
36:18 Forging
39:28 Imperial Age
38:34 Ballistics
38:15 Fletching
39:06 Thumb Ring
38:22 Crossbowman
40:20 Gold Shaft Mining
39:08 Cavalier
40:21 Conscription
41:23 Chemistry
40:52 Bodkin Arrow
41:19 Chain Barding Armor
41:20 Leather Archer Armor
41:06 Savar
42:29 Light Cavalry
43:46 Plate Barding Armor
43:49 Iron Casting
43:55 Ring Archer Armor
43:22 Hussar
45:17 Two-Man Saw
46:48 Caravan
51:09 Blast Furnace
DizzyLeChuckieEgg
8:56 Loom
12:44 Feudal Age
13:42 Double-Bit Axe
16:56 Castle Age
20:44 Bow Saw
21:47 Fishing Lines
26:14 Scale Mail Armor
26:11 Arson
26:30 Squires
26:50 Horse Collar
28:06 Wheelbarrow
28:13 Forging
29:02 Gillnets
30:16 Chain Mail Armor
30:37 Iron Casting
30:26 Heavy Plow
31:32 Hand Cart
32:14 Town Watch
35:29 Imperial Age
32:52 Gold Mining
32:53 Stone Mining
33:40 Hamask
34:36 Fletching
35:31 Gold Shaft Mining
35:31 Stone Shaft Mining
35:16 Bodkin Arrow
35:35 Masonry
35:51 Ballistics
35:46 Caravan
36:52 Conscription
37:04 Plate Mail Armor
38:45 Chemistry
38:06 Siege Engineers
37:26 Elite Jomsviking
39:36 Blast Furnace
40:04 Bracer
43:14 Hoardings
43:48 Hoardings
43:59 Northmen's Fury
44:03 Onager
45:08 Siege Onager
47:24 Coinage
HrH The Sausage Meister General
1:23 Loom
13:01 Feudal Age
13:47 Town Watch
18:10 Castle Age
15:58 Double-Bit Axe
16:05 Horse Collar
16:18 Fishing Lines
17:54 Stone Mining
25:58 Wheelbarrow
27:09 Bow Saw
27:24 Heavy Plow
28:13 Gold Mining
32:47 Imperial Age
30:55 Gold Shaft Mining
31:43 Hand Cart
31:30 Town Patrol
32:22 Fletching
32:57 Ballistics
32:59 Heavy Scorpion
34:01 Furor Celtica
34:03 Siege Engineers
34:59 Chemistry
33:39 Capped Ram
34:48 Siege Ram
36:19 Bodkin Arrow
37:50 Hoardings
37:37 Conscription
39:21 Onager
48:30 Masonry
King_Of_Lincoln
0:26 Loom
13:48 Feudal Age
16:57 Double-Bit Axe
19:56 Castle Age
18:54 Horse Collar
21:34 Heavy Plow
23:41 Town Watch
25:16 Wheelbarrow
28:50 Forging
28:41 Scale Mail Armor
28:47 Scale Barding Armor
28:42 Padded Archer Armor
28:34 Fletching
29:39 Hand Cart
30:34 Town Patrol
31:29 Bow Saw
32:58 Iron Casting
32:39 Chain Mail Armor
32:40 Leather Archer Armor
32:20 Bodkin Arrow
33:12 Fortified Wall
32:58 Murder Holes
34:12 Caravan
35:28 Ballistics
37:05 Chain Barding Armor
36:53 Clerical Recruitment
37:37 Squires
36:58 Pikeman
37:24 Arson
38:56 Thumb Ring
41:43 Imperial Age
41:51 Cranequins
43:50 Two-Man Saw
44:06 Chemistry
43:41 Plate Mail Armor
43:12 Bracer
46:28 Elite Skirmisher
48:36 Crop Rotation
49:22 Conscription
48:24 Shield Wall
The Evil Monkey
8:23 Loom
13:06 Feudal Age
18:16 Castle Age
17:24 Double-Bit Axe
17:50 Fishing Lines
19:01 Gillnets
20:48 Wheelbarrow
26:10 Hand Cart
26:09 Bow Saw
25:40 Horse Collar
26:37 Gold Mining
26:37 Stone Mining
27:21 Caravan
31:22 Forging
31:19 Scale Barding Armor
34:51 Imperial Age
32:47 Ballistics
32:23 Murder Holes
32:20 Fletching
33:06 Iron Casting
33:30 Chain Barding Armor
33:12 Husbandry
33:23 Bloodlines
34:38 Bodkin Arrow
34:54 Cavalier
36:36 Blast Furnace
36:12 Plate Barding Armor
36:42 Chemistry
37:11 Two-Man Saw
36:12 Heavy Plow
36:49 Gold Shaft Mining
36:51 Stone Shaft Mining
35:53 Light Cavalry
36:35 Savar
40:14 Hussar
43:31 Conscription
44:09 Elite War Elephant
50:06 Squires
49:27 Pikeman
Connection lost

Rejoining the realm…

Still unreachable

The connection could not be restored.

Session expired

The server has moved on; the page needs a fresh start.